 Dungeon Crawl Stone Soup version 0.23.0-28-g6fe0f4d (webtiles) character file.

Game seed: 2116147960399022245

373 Hasart the Chiller (level 6, 0/45 HPs)
             Began as a Demigod Ice Elementalist on Feb 25, 2019.
             Succumbed to an adder's poison
             ... in a sewer.
             The game lasted 00:13:28 (3434 turns).

Hasart the Chiller (Demigod Ice Elementalist)       Turns: 3434, Time: 00:13:29

Health: 0/45       AC:  5    Str: 11    XL:     6   Next: 19%
Magic:  8/14       EV: 12    Int: 23    God:
Gold:   120        SH:  5    Dex: 16    Spells: 2/11 levels left

rFire    . . .     SeeInvis .   h - +2 whip (freeze)
rCold    . . .     Gourm    .   (no shield)
rNeg     . . .     Faith    .   a - +1 robe
rPois    +         Spirit   .   (no helmet)
rElec    .         Reflect  +   (no cloak)
rCorr    .         Harm     .   (no gloves)
MR       .....                  (no boots)
Stlth    ++........             r - +5 amulet of reflection
HPRegen  0.15/turn              p - +2 ring of protection
MPRegen  0.14/turn              n - ring of poison resistance

@: lethally poisoned (0 -> -3), about to teleport, lightly drained
A: high mp 1
a: no special abilities


You were in a sewer.
You were not hungry.

You visited 1 branch of the dungeon, and saw 3 of its levels.
You also visited: Sewer.

You collected 120 gold pieces.

Inventory:

Hand Weapons
 h - a +2 whip of freezing (weapon)
Armour
 a - a +1 robe (worn)
Jewellery
 f - an uncursed ring of resist corrosion
 n - a ring of poison resistance (right hand)
 p - a +2 ring of protection (left hand)
 r - a +5 amulet of reflection (around neck)
Scrolls
 b - 2 scrolls of blinking {unknown}
 g - 3 scrolls of identify {unknown}
 k - a scroll of fog
 y - a scroll of teleportation
Potions
 d - 2 potions of brilliance {unknown}
 e - a potion of agility {unknown}
 j - a potion of curing
 o - 4 potions of might {unknown}
 q - a potion of haste {unknown}
 s - a potion of resistance {unknown}
 t - a potion of lignification {unknown}
 u - a potion of heal wounds {unknown}
 v - a potion of degeneration {unknown}
Comestibles
 c - 6 rations
 w - 8 chunks of flesh


   Skills:
 - Level 1.7(1.6) Dodging
 - Level 1.7(1.6) Stealth
 + Level 3.3(3.2) Spellcasting
 + Level 2.2(2.1) Conjurations
 * Level 1.8(1.7) Summonings
 + Level 4.9(4.7) Ice Magic


You had 2 spell levels left.
You knew the following spells:

 Your Spells              Type           Power        Failure   Level  Hunger
a - Freeze                Ice            ####         1%          1    None
b - Throw Icicle          Conj/Ice       ###.....     26%         4    ####...
c - Summon Ice Beast      Ice/Summ       ###.....     30%         4    ####...

Your spell library contained the following spells:

 Spells                   Type           Power        Failure   Level  Hunger
 Throw Frost              Conj/Ice       ###...       4%          2    ##.....
 Ozocubu's Armour         Chrm/Ice       ##......     13%         3    ###....


Dungeon Overview and Level Annotations

Branches:
Dungeon (3/15)

Annotations:
D:2 1 runed translucent door, Crazy Yiuf


Innate Abilities, Weirdness & Mutations

You have an increased reservoir of magic. (+10% MP)


Message History

Unknown command.
Unknown command.
As you read the scroll labeled AQEFUV YXIEK, it crumbles to dust.
The creatures around you are filled with an inner flame!
It was a scroll of immolation.
You block the bullfrog's attack. The adder bites you but does no damage.
The bullfrog closely misses you. The adder completely misses you.
The adder barely misses you. x2
The bullfrog misses you.
As you read the scroll labeled VACWAM ACAEN, it crumbles to dust.
The scroll dissolves into smoke.
It was a scroll of fog.
The bullfrog hits you.
* * * LOW HITPOINT WARNING * * *
The adder bites you.
* * * LOW HITPOINT WARNING * * *
You are lethally poisoned!
The adder poisons you! The adder bites you but does no damage.
You block the bullfrog's attack. You block the adder's attack.
The bullfrog barely misses you.
As you read the scroll labeled VIN MYCOIMON, it crumbles to dust.
You feel strangely unstable.
It was a scroll of teleportation.
You die...

##..≈≈###..#
#.....
#≈≈≈≈≈≈#####
#≈≈≈≈≈
#≈≈≈≈≈≈#
#≈≈≈≈≈
#≈≈≈≈≈≈#
#≈≈≈≈≈
#≈≈≈≈≈≈#
#≈≈≈≈≈
#≈≈≈≈≈≈#
#≈≈≈÷≈
#§#§≈≈≈#
#≈.≈≈.
#§§#≈≈≈#
#≈≈...
#F@S≈≈≈#
#≈..≈≈
#FSS≈≈≈#
#≈≈≈≈≈
#SS≈J≈≈#
#≈≈≈≈≈
#≈≈≈≈≈≈#
#≈≈≈≈≈
#≈≈≈≈≈≈#
#≈≈≈≈≈
#≈≈≈≈≈≈#
#≈≈≈≈≈
#≈≈≈≈≈≈#
#≈≈≈≈≈
#≈≈≈≈≈l#
#≈≈≈≈≈
##≈.≈..#
#.≈..≈


You could see 2 bullfrogs, an ooze (inner flame), 3 adders, 2 ball pythons and a
frilled lizard (inner flame).

Vanquished Creatures
  3 jellies (D:2)
  Ijyb (D:3)
  6 adders
  5 river rats
  11 oozes
  3 worms (D:3)
  4 leopard geckos
  7 ball pythons
  5 giant cockroaches
  3 goblins
  6 hobgoblins
  15 jackals
  11 kobolds
  2 quokkas (D:2)
  4 bats
  3 frilled lizards
  30 rats
119 creatures vanquished.

Vanquished Creatures (others)
  A goblin (D:2)
  10 toadstools (D:2)
11 creatures vanquished.

Grand Total: 130 creatures vanquished

Notes
Turn   | Place    | Note
-------+----------+-------------------------------------------
     0 | D:1      | Hasart the Demigod Ice Elementalist began the quest for the
                  | Orb.
     0 | D:1      | Reached XP level 1. HP: 14/14 MP: 5/5
    57 | D:1      | Reached skill level 3 in Ice Magic
    75 | D:1      | Reached XP level 2. HP: 18/20 MP: 0/7
   790 | D:2      | Found a sparkling altar of Nemelex Xobeh.
   817 | D:2      | Reached XP level 3. HP: 26/26 MP: 6/9
  1287 | D:2      | Reached skill level 4 in Ice Magic
  1287 | D:2      | Reached XP level 4. HP: 26/33 MP: 6/10
  1361 | D:2      | Learned a level 4 spell: Throw Icicle
  1370 | D:2      | Reached skill level 1 in Conjurations
  1436 | D:2      | Reached XP level 5. HP: 36/38 MP: 3/12
  1709 | D:2      | Learned a level 4 spell: Summon Ice Beast
  1737 | D:2      | Found a runed translucent door.
  1738 | D:2      | Noticed Crazy Yiuf
  2491 | D:3      | Noticed Ijyb
  2499 | D:3      | Killed Ijyb
  2615 | D:3      | Reached skill level 1 in Summonings
  2625 | D:3      | Found a glowing drain.
  2710 | Sewer    | Entered a sewer
  2929 | Sewer    | Reached XP level 6. HP: 10/45 MP: 0/14
  3433 | Sewer    | HP: 2/45 [bullfrog (5)]
  3434 | Sewer    | Succumbed to an adder's poison

Skill      XL: |  1  2  3  4  5 |
---------------+----------------+-----
Spellcasting   | 2 3 |  3.3
Ice Magic      | 3 4 |  4.9
Conjurations   | 1 2 |  2.2
Summonings     | 1 |  1.8
Dodging        | |  1.7
Stealth        | |  1.7

Action                   |  1- 3 |  4- 6 || total
-------------------------+-------+-------++-------
Melee: Unarmed           |     1 |       ||     1
       Whip              |    30 |    60 ||    90
 Cast: Freeze            |    45 |   124 ||   169
  Use: Potion            |       |     1 ||     1
       Scroll            |       |     6 ||     6
 Stab: Sleeping          |     1 |     2 ||     3
  Eat: Chunk             |     1 |     7 ||     8
Armor: Robe              |    21 |    47 ||    68
Dodge: Dodged            |    45 |    93 ||   138
Block: Other             |     7 |    40 ||    47
       Reflection        |     1 |     1 ||     2
